 Dungeon Crawl Stone Soup version 0.26.1-11-gd32895ea62 (webtiles) character file.

Game seed: 13527250192746786503

62 kodamatunes15 the Skirmisher (level 3, -3/29 HPs)
             Began as a Demonspawn Berserker on June 9, 2021.
             Was a Believer of Trog.
             Slain by an ooze (4 damage)
             ... on level 3 of the Dungeon.
             The game lasted 00:07:08 (2408 turns).

kodamatunes15 the Skirmisher (Demonspawn Berserker) Turns: 2408, Time: 00:07:09

Health: -3/29      AC:  4    Str: 17    XL:     3   Next: 85%
Magic:  3/3        EV: 12    Int:  9    God:    Trog [**....]
Gold:   91         SH:  0    Dex: 12    Spells: 2/2 levels left

rFire    . . .     SeeInvis .   e - +0 dagger (flame)
rCold    + . .     Faith    .   (no shield)
rNeg     . . .     Spirit   .   b - +0 animal skin
rPois    .         Reflect  .   (no helmet)
rElec    .         Harm     .   (no cloak)
rCorr    .         Rampage  .   k - +1 pair of gloves
Will     .....                  (no boots)
Stlth    +.........             (no amulet)
HPRegen  0.09/turn              (no ring)
MPRegen  0.08/turn              (no ring)

@: no status effects
A: cold resistance 1, miasma immunity
a: Renounce Religion, Berserk, Trog's Hand


You were on level 3 of the Dungeon.
You worshipped Trog.
Trog was pleased with you.
You visited 1 branch of the dungeon, and saw 3 of its levels.

You collected 91 gold pieces.

Inventory:

Hand Weapons
 a - a +1 falchion
 e - a +0 dagger of flaming (weapon)
Armour
 b - a +0 animal skin (worn)
 k - a +1 pair of gloves (worn)
Jewellery
 d - an uncursed ring of stealth
 j - a cursed amulet of inaccuracy {unknown}
Scrolls
 i - a scroll of enchant weapon
 p - 3 scrolls of remove curse
Potions
 c - a potion of invisibility
 f - 3 potions of cancellation {unknown}
 g - 2 potions of flight {unknown}
 h - 5 potions of curing {unknown}
 l - 2 potions of heal wounds {unknown}
 m - 2 potions of mutation {unknown}
 n - a potion of berserk rage {unknown}
 o - a potion of magic {unknown}


   Skills:
 + Level 3.6 Fighting
 + Level 0.4(2.1) Short Blades
 + Level 3.4 Long Blades
 + Level 2.0 Armour
 + Level 2.1 Dodging
 + Level 0.6 Stealth


You had 2 spell levels left.
You didn't know any spells.
Your spell library was empty.

Dungeon Overview and Level Annotations

Branches:
Dungeon (3/15)

Altars:


Innate Abilities, Weirdness & Mutations

Your flesh is cold resistant. (rC+)
You are immune to miasma.


Message History

Deactivating autopickup; reactivate with Ctrl-A.
Something hits you but does no damage.
You hit something. You burn something.
You are too injured to fight recklessly!
You are too injured to fight recklessly!
You barely miss something. The ooze closely misses you.
The kobold throws a stone.
Something hits you.
* * * LOW HITPOINT WARNING * * *
Something shocks you.
* * * LOW HITPOINT WARNING * * *
You closely miss something. The ooze misses you. Something barely misses you.
You miss something. The ooze hits you.
* * * LOW HITPOINT WARNING * * *
The kobold throws a stone.
The stone hits you but does no damage. Something hits you but does no damage.
You hit something but do no damage. The ooze barely misses you.
Something hits you but does no damage.
You miss something. The ooze misses you. Something hits you but does no damage.
You miss something. The ooze hits you.
You die...

#...#####. ...
#........## #.#
##...####..###.#
....†.......##.######..
.).(..#.#.#............
.)..........##...####.
.#....#.#.#.####.#
.#..........# #.#
.#....#.#.#.# #@#
.#..........# #{J..#
.##.#.##..### #K...#
<.....##.## #....#
##....#..# .......
........## ........
........ ......<.#
...(.... #.#.......
........


You could see an ooze and a kobold.

Vanquished Creatures
  An adder (D:3)
  An ooze (D:3)
  A worm (D:2)
  2 dart slugs
  2 leopard geckos
  5 bats
  2 giant cockroaches (D:1)
  4 goblins
  5 hobgoblins
  2 jackals (D:2)
  2 frilled lizards (D:2)
  8 kobolds
  4 rats
39 creatures vanquished.

Notes
Turn   | Place    | Note
-------+----------+-------------------------------------------
     0 | D:1      | kodamatunes15 the Demonspawn Berserker began the quest for
                  | the Orb.
     0 | D:1      | Reached XP level 1. HP: 18/18 MP: 1/1
   159 | D:1      | Gained mutation: You are immune to miasma. [demonic
                  | ancestry]
   159 | D:1      | Reached XP level 2. HP: 18/24 MP: 2/2
  1490 | D:2      | Gained mutation: Your flesh is cold resistant. (rC+)
                  | [demonic ancestry]
  1490 | D:2      | Reached XP level 3. HP: 29/29 MP: 3/3
  2374 | D:3      | Reached ** piety under Trog
  2386 | D:3      | Noticed a sky beast
  2405 | D:3      | HP: 1/29 [ooze (1)]
  2408 | D:3      | Slain by an ooze

Illustrated notes

Levels and vault maps discovered:
D:1:      dpeg_arrival_radiant, layout_loops_ring
D:2:      layout_rooms
D:3:      layout_loops_cross, serial_glass, glass_columns_a, glass_columns_a,
          glass_columns_b, glass_columns_b, glass_columns_a, glass_columns_c,
          due_unseen_surprise, feat_on_display, uniq_terence

Skill      XL: |  1  2  3 |
---------------+----------+-----
Long Blades    | 3 |  3.4
Armour         | 2 |  2.0
Dodging        | 2 |  2.1
Fighting       | |  3.6
Short Blades   | |  0.4
Stealth        | |  0.6

Action                   || total
-------------------------++-------
Melee: Falchion          ||    45
       Dagger            ||    91
Invok: Berserk           ||     2
  Use: Scroll            ||     7
 Stab: Sleeping          ||     2
Armor: Animal skin       ||    34
Dodge: Dodged            ||    95
       Rpst.: Falchion   ||    13
